 Dungeon Crawl Stone Soup version 0.18.1-48-g4cf74bf (webtiles) character file.

9 glosham the Digger (level 2, -1/24 HPs)
             Began as a Centaur Earth Elementalist on Sept 2, 2016.
             Killed by nerve-wracking pain
             ... invoked by Jessica
              (10 damage)
             ... on level 2 of the Dungeon.
             The game lasted 00:03:39 (203 turns).

glosham the Digger (Centaur Earth Elementalist)      Turns: 203, Time: 00:03:40

Health: -1/24      AC:  4    Str: 10    XL:     2   Next: 3%
Magic:  4/4        EV:  9    Int: 14    God:
Gold:   20         SH:  0    Dex:  9    Spells: 1 memorised, 3 levels left

rFire  . . .     SeeInvis .     a - +0 hand axe (curse)
rCold  . . .     Gourm    .     e - +0 robe
rNeg   . . .     Faith    .     (no shield)
rPois  .         Spirit   .     (no helmet)
rElec  .         Dismiss  .     (no cloak)
rCorr  .         Reflect  .     (no gloves)
SustAt .         Harm     .     (no barding)
MR     .....                    (no amulet)
Stlth  +.........               (no ring)
                                (no ring)

@: very quick, not resistant to hostile enchantments, very unstealthy
A: hooves 3, deformed body, speed 2, tough skin 3
a: no special abilities


You were on level 2 of the Dungeon.
You were not hungry.

You visited 1 branch of the dungeon, and saw 2 of its levels.

You collected 20 gold pieces.

Inventory:

Hand Weapons
 a - a cursed +0 hand axe (weapon)
Missiles
 b - 40 stones (quivered)
Armour
 e - a +0 robe (worn)
Scrolls
 g - a scroll of recharging {unknown}
Potions
 f - a potion of invisibility {unknown}
 i - a potion of magic {unknown}
 j - a potion of ambrosia {unknown}
 k - a potion of curing
Books
 c - a book of Geomancy

   Spells                             Type                      Level
   a - Sandblast                      Earth                        1
   b - Passwall                       Transmutation/Earth          2
   c - Stone Arrow                    Conjuration/Earth            3
   d - Petrify                        Transmutation/Earth          4
   e - Lee's Rapid Deconstruction     Earth                        5
Comestibles
 d - a bread ration
 h - 2 meat rations


   Skills:
 + Level 1.7 Fighting
 - Level 1.3 Dodging
 - Level 1.2 Stealth
 - Level 1.5 Spellcasting
   Level 0.8 Transmutations
 - Level 2.6 Earth Magic


You had 3 spell levels left.
You knew the following spells:

 Your Spells              Type           Power        Failure   Level  Hunger
x - Sandblast             Erth           #.....       10%         1    ##.....


Dungeon Overview and Level Annotations

Branches:
Dungeon (2/15)

Altars:
Sif Muna
Yredelemnul
Zin

Annotations:
D:2 Jessica


Innate Abilities, Weirdness & Mutations

You have hooves in place of feet.
Armour fits poorly on your strangely shaped body.
You cover ground very quickly.
You have extremely tough skin (AC +3).


Message History

Jessica completely misses you. Jessica hits you. Jessica closely misses you.
You barely miss Jessica. Your kick misses Jessica.
Jessica is severely wounded.
Jessica hits you. Jessica misses you.
Jessica gestures wildly while chanting.
Jessica blinks!
Jessica mumbles some strange words.
Jessica blinks!
You barely miss the goblin. The goblin misses you.
The goblin hits you but does no damage.
You hit Jessica.
Jessica is almost dead.
You completely miss the goblin. Jessica barely misses you.
The goblin hits you but does no damage. Jessica casts a spell at you.
Pain shoots through your body!
Ouch! That really hurt!
* * * LOW HITPOINT WARNING * * *
The goblin hits you but does no damage.
Drink which item? (? for menu, Esc to quit)
It was a potion of curing.
You feel better.
You feel yourself speed up.
Jessica points at you and mumbles some strange words.
You resist with significant effort. Jessica hits you.
The goblin hits you but does no damage.
Jessica casts a spell.
Jessica blinks!
The goblin hits you with a dagger.
You hit the goblin.
You kill the goblin!
You have reached level 2!
Found a stone staircase leading down.
You hit Jessica but do no damage. Your kick misses Jessica.
Jessica is almost dead.
Jessica drinks a potion.
Jessica seems to speed up.
You closely miss Jessica.
Jessica is almost dead.
Jessica closely misses you. Jessica gestures at you while chanting.
Pain shoots through your body!
You die...

######.......###
.####..........
.........# #.#
...##.### #.#
........#####.##
#..............####
...######.###.@..)####
.#.# #..##.###@...#
.#.# ##......@.##..#
##.## ########.# ..#
#..# #... . ##.#
#..#># #.# ##.# # #.##
.. #..##### #>.
##.....# #. ##....#


You could see Jessica.

Vanquished Creatures
  A giant cockroach (D:2)
  3 goblins (D:2)
  2 jackals (D:2)
  A bat (D:2)
7 creatures vanquished.

Notes
Turn   | Place    | Note
--------------------------------------------------------------
     0 | D:1      | glosham the Centaur Earth Elementalist began the quest for the Orb.
     0 | D:1      | Reached XP level 1. HP: 14/14 MP: 3/3
    46 | D:2      | Reached skill level 1 in Fighting
    59 | D:2      | Found a glowing silver altar of Zin.
    61 | D:2      | Found a deep blue altar of Sif Muna.
    62 | D:2      | Found a basalt altar of Yredelemnul.
   174 | D:2      | Noticed Jessica
   187 | D:2      | Reached XP level 2. HP: 8/24 MP: 4/4
   203 | D:2      | Killed from afar by Jessica

Skill      XL: |  1 |
---------------+----+-----
Fighting       | 1 |  1.7
Dodging        | |  1.3
Stealth        | |  1.2
Spellcasting   | |  1.5
Transmutations | |  0.8
Earth Magic    | |  2.6

Action                   || total
-------------------------++-------
Melee: Hand axe          ||    30
       Kick              ||     4
  Use: Potion            ||     1
Armor: Robe              ||    17
Dodge: Dodged            ||    19

Table legend:
 A = Turns spent in this place as a percentage of turns spent in the entire game.
 B = Non-inter-level travel turns spent in this place as a percentage of non-inter-level travel turns spent in the entire game.
 C = Inter-level travel turns spent in this place as a percentage of turns spent in this place.
 D = Turns resting spent in this place as a percentage of non-inter-level travel turns spent in this place.
 E = Turns spent auto-exploring this place as a percentage of non-inter-level travel turns spent in this place.
 F = Non-inter-level travel turns spent in this place divided by the number of levels of this place that you've seen.
                   A       B       C       D       E      F
               +-------+-------+-------+-------+-------+----------------------
         Total | 100.0 | 100.0 |   0.0 |   0.0 |   0.0 |  94.5
       Dungeon | 100.0 | 100.0 |   0.0 |   0.0 |   0.0 |  94.5
               +-------+-------+-------+-------+-------+----------------------

Table legend:
 A = Kills in this place as a percentage of kills in entire the game.
 B = Kills by you in this place as a percentage of kills by you in the entire game.
 C = Kills by friends in this place as a percentage of kills by friends in the entire game.
 D = Other kills in this place as a percentage of other kills in the entire game.
 E = Experience gained in this place as a percentage of experience gained in the entire game.
 F = Experience gained in this place divided by the number of levels of this place that you have seen.
                   A       B       C       D       E      F
               +-------+-------+-------+-------+-------+----------------------
         Total | 100.0 | 100.0 |  -nan |  -nan | 100.0 |   6.5
       Dungeon | 100.0 | 100.0 |  -nan |  -nan | 100.0 |   6.5
               +-------+-------+-------+-------+-------+----------------------

Vault maps used:
D:1:      lemuel_arrival_river_bridge, nrook_mini_backslash
D:2:      lemuel_coloured_pillars_altar, grunt_temple_overflow_open,
          uniq_jessica
